 Dungeon Crawl Stone Soup version 0.30.1 (webtiles) character file.

Game seed: 18234906190764172051

2739 SCHIZOBELIEVER the Cleaver (level 9, -1/121 HPs)
             Began as a Minotaur Berserker on July 7, 2023.
             Was a Priest of Trog.
             Slain by an orc warrior
             ... wielding a +0 broad axe
              (8 damage)
             ... in a bailey.
             The game lasted 00:08:49 (5394 turns).

SCHIZOBELIEVER the Cleaver (Minotaur Berserker)     Turns: 5394, Time: 00:08:49

Health: -1/121     AC: 12    Str: 27    XL:     9   Next: 40%
Magic:  8/8        EV: 10    Int:  4    God:    Trog [***...]
Gold:   297        SH:  4    Dex:  9    Spells: 8/8 levels left

rFire   . . .        h - +2 war axe
rCold   . . .        t - +0 buckler
rNeg    . . .        x - +0 chain mail
rPois   .            (helmet restricted)
rElec   .            (no cloak)
rCorr   .            (no gloves)
SInv    .            i - +1 pair of boots
Will    .....        (no amulet) Stlth
                     (no ring)
HPRegen 0.40/turn    (no ring)
MPRegen 0.11/turn

%: no passive effects
@: berserking, quick
A: horns 2, retaliatory headbutt
a: Renounce Religion, Berserk, Trog's Hand


You were in a bailey.
You worshipped Trog.
Trog was most pleased with you.
You visited 1 branch of the dungeon, and saw 7 of its levels.
You also visited: Bailey.

You collected 297 gold pieces.

Inventory:

Hand Weapons
 h - a +2 war axe (weapon)
Armour
 i - a +1 pair of boots (worn)
 t - a +0 buckler (worn)
 x - a +0 chain mail (worn)
Wands
 o - a wand of flame (46)
 p - a wand of charming (8)
Scrolls
 e - 2 scrolls of teleportation
 f - 3 scrolls of fog
 m - 2 scrolls of vulnerability
 q - a scroll of butterflies
 r - 5 scrolls of identify
Potions
 a - 2 potions of curing {unknown}
 b - 4 potions of attraction
 c - 2 potions of heal wounds
 d - a potion of brilliance
 g - a potion of cancellation
 j - a potion of flight
 k - a potion of mutation
 l - a potion of might {unknown}
 u - a potion of degeneration {unknown}
 v - a potion of berserk rage {unknown}


   Skills:
 + Level 8.1 Fighting
 + Level 8.2 Axes
 + Level 7.1 Armour
 + Level 6.3 Dodging
 + Level 4.2 Shields
 + Level 3.4 Evocations


You had 8 spell levels left.
You didn't know any spells.
Your spell library was empty.

Dungeon Overview and Level Annotations

Branches:
Dungeon (7/15)             Temple (0/1) D:6          Bailey (1/1)

Altars:
Ashenzari
Dithmenos
Elyvilon
Hepliaklqana
Kikubaaqudgha
Okawaru
Trog
Uskayaw
Wu Jian
Xom
Zin
The Shining One

Shops:
D:6 :


Innate Abilities, Weirdness & Mutations

You have a pair of horns on your head.
You reflexively headbutt those who attack you in melee.


Message History

Your unstable footing causes you to fumble your attack.
The electric eel shoots out a bolt of lightning at you!
The bolt of electricity hits you! The bolt of electricity hits you.
The bolt of electricity misses the electric eel.
The orc warrior closely misses you. You furiously retaliate!
You headbutt the orc warrior!
Unknown command.
You are too injured to fight recklessly!
You are too injured to fight recklessly!
You are too injured to fight recklessly!
You are too injured to fight recklessly!
A red film seems to cover your vision as you go berserk!
You feel yourself moving faster!
You feel mighty!
The electric eel shoots out a bolt of lightning at you!
The bolt of electricity hits you! x2
The bolt of electricity hits the electric eel.
The electric eel completely resists.
You block the orc warrior's attack.
The orc warrior hits you with a +0 broad axe.
* * * LOW HITPOINT WARNING * * *
You slash the orc warrior!
The orc warrior is heavily wounded.
You hit the orc warrior. You barely miss the electric eel.
The electric eel shoots out a bolt of lightning at you!
The bolt of electricity hits you.
* * * LOW HITPOINT WARNING * * *
The bolt of electricity hits you.
* * * LOW HITPOINT WARNING * * *
The bolt of electricity hits the electric eel.
The electric eel completely resists.
The orc warrior hits you with a +0 war axe.
* * * LOW HITPOINT WARNING * * *
You closely miss the orc warrior.
The orc warrior is heavily wounded.
You closely miss the orc warrior. You completely miss the electric eel.
The orc warrior hits you with a +0 broad axe!
* * * LOW HITPOINT WARNING * * *
The orc warrior hits you but does no damage.
Your unstable footing causes you to fumble your attack.
The orc warrior hits you with a +0 broad axe!
You die...

#..#.~≈≈≈≈≈≈≈
#..#.~≈≈≈≈≈≈≈
#..#.~≈≈≈≈≈≈≈ ###
##'#'#≈≈≈≈≈≈≈ #.)
#....#≈≈≈≈≈≈≈ #.)
#....#≈≈≈≈≈≈≈
##.######..###≈≈≈≈≈≈≈
..∩..oo....+ ≈≈≈≈≈≈≈
~~~~~~o@#### ≈≈≈≈≈≈≈
≈≈≈≈≈≈≈S≈≈≈≈≈≈≈≈≈≈≈≈≈
≈≈≈≈≈≈≈≈≈≈≈≈≈≈≈
≈≈≈≈≈≈≈≈≈≈≈≈≈≈≈
≈≈≈≈≈≈≈≈≈≈≈≈≈≈≈
≈≈≈≈≈≈≈≈≈≈≈≈≈≈≈
###############


You could see 2 orc warriors, an electric eel and an orc.

Vanquished Creatures
  Pikel (D:7)
  2 orc warriors (Bailey)
  2 ice beasts
  A black bear (D:4)
  2 sky beasts (D:7)
  2 centaurs
  An ogre (D:5)
  A lemure (D:7)
  2 phantoms
  A scorpion (D:6)
  A bullfrog (D:7)
  4 wights (D:4)
  4 killer bees (D:7)
  A howler monkey (D:6)
  6 hounds
  2 orc priests (D:6)
  A jelly (D:4)
  2 sleepcaps (D:5)
  Ijyb (D:4)
  4 iguanas
  An orc wizard (D:6)
  12 adders
  6 gnolls
  A shadow imp (D:7)
  A white imp (D:6)
  2 worms
  A dart slug (D:5)
  13 orcs
  2 endoplasms
  2 giant cockroaches
  10 goblins
  4 hobgoblins
  4 quokkas
  9 ball pythons
  3 bats (D:1)
  5 frilled lizards
  4 kobolds
  2 rats
123 creatures vanquished.

Notes
Turn   | Place    | Note
-------+----------+-------------------------------------------
     0 | D:1      | SCHIZOBELIEVER the Minotaur Berserker began the quest for
                  | the Orb.
     0 | D:1      | Reached XP level 1. HP: 19/19 MP: 0/0
   424 | D:1      | Reached XP level 2. HP: 25/27 MP: 1/1
  1127 | D:2      | Reached XP level 3. HP: 34/34 MP: 2/2
  2023 | D:3      | Reached XP level 4. HP: 40/41 MP: 3/3
  2138 | D:3      | Reached skill level 5 in Fighting
  2213 | D:3      | Reached skill level 5 in Axes
  2219 | D:3      | Reached ** piety under Trog
  2722 | D:4      | Noticed a centaur
  2730 | D:4      | Killed a centaur
  2731 | D:4      | Reached XP level 5. HP: 48/48 MP: 4/4
  2838 | D:4      | Reached XP level 6. HP: 34/56 MP: 5/5
  3047 | D:4      | Reached XP level 7. HP: 61/63 MP: 6/6
  3139 | D:4      | Noticed Ijyb
  3149 | D:4      | Killed Ijyb
  3161 | D:4      | Reached skill level 5 in Armour
  3485 | D:5      | Entered Level 5 of the Dungeon
  3704 | D:5      | Reached skill level 1 in Evocations
  3716 | D:5      | Found a hazy altar of Hepliaklqana.
  3805 | D:5      | Found a shadowy altar of Dithmenos.
  3809 | D:5      | Reached skill level 5 in Dodging
  3809 | D:5      | Reached XP level 8. HP: 71/71 MP: 7/7
  3943 | D:5      | Reached skill level 1 in Shields
  4194 | D:6      | Found Beqiduv's Book Boutique.
  4235 | D:6      | Found a broken altar of Ashenzari.
  4377 | D:6      | Found a shimmering altar of Xom.
  4414 | D:6      | Found a staircase to the Ecumenical Temple.
  4550 | D:6      | Identified the +0 robe of the Hidden Friars {Drain Fly rC-
                  | rCorr}
  4927 | D:7      | Noticed Pikel
  4935 | D:7      | Killed Pikel
  4936 | D:7      | Reached XP level 9. HP: 81/81 MP: 8/8
  4993 | D:7      | Found an ornate altar of the Wu Jian Council.
  5000 | D:7      | Found a white marble altar of Elyvilon.
  5001 | D:7      | Found an iron altar of Okawaru.
  5001 | D:7      | Found a glowing golden altar of the Shining One.
  5001 | D:7      | Found an ancient bone altar of Kikubaaqudgha.
  5001 | D:7      | Found a glowing silver altar of Zin.
  5004 | D:7      | Found a bloodstained altar of Trog.
  5006 | D:7      | Found a hide-covered altar of Uskayaw.
  5063 | D:7      | Reached *** piety under Trog
  5120 | D:7      | Found a flagged portal.
  5209 | Bailey   | Entered a bailey
  5394 | Bailey   | Slain by an orc warrior

Illustrated notes

Levels and vault maps discovered:
D:1:      ldierk_walled_garden_2, layout_basic
D:2:      layout_loops_corners, dreamdust_wishing_well, chequers_mini_garden
D:3:      layout_loops_ring
D:4:      layout_rooms, serial_corexii_hall, corexii_hall_statues_i,
          chequers_hall_statues_corner_a, supply_closet_lemuel,
          skrybe_limestone_x, uniq_ijyb
D:5:      layout_basic, hangedman_feature_mirror
D:6:      layout_loops_ring, ashenzari_conservatory_becter,
          kennysheep_mini_moat, minmay_temple_entry_glassed_door, serial_shops,
          nicolae_take_the_stairs
D:7:      layout_gridville, minitemple, fiery_altar_vehumet, enter_bailey_8,
          gammafunk_ghost_berserking_beasts, uniq_pikel
Bailey:   bailey_axe_of_yendor_kennysheep, bailey

Skill      XL: |  1  2  3  4  5  6  7  8  9 |
---------------+----------------------------+-----
Fighting       | 4 5 6 7 8 |  8.1
Axes           | 4 5 6 7 8 |  8.2
Armour         | 3 4 5 6 7 |  7.1
Dodging        | 3 4 5 6 |  6.3
Evocations     | 1 2 3 |  3.4
Shields        | 3 4 |  4.2

Action                     |  1- 3 |  4- 6 |  7- 9 || total
---------------------------+-------+-------+-------++-------
  Melee: Hand axe          |    60 |    42 |       ||   102
         Headbutt          |     4 |     7 |    25 ||    36
         War axe           |       |    15 |   183 ||   198
 Invoke: Berserk           |       |     2 |     3 ||     5
    Use: Scroll            |     1 |     7 |     5 ||    13
 Armour: Animal skin       |     5 |       |       ||     5
         Leather armour    |    15 |     2 |       ||    17
         Ring mail         |       |    14 |    30 ||    44
         Chain mail        |       |       |    53 ||    53
  Dodge: Dodged            |    41 |    31 |   116 ||   188
  Block: Buckler           |       |       |    26 ||    26
